 Dungeon Crawl Stone Soup version 0.25.1-8-g42b30a86e7 (webtiles) character file.

Game seed: 8588563311040056585

452 Arcadio the Cutter (level 7, 0/44 HPs)
             Began as a Halfling Warper on Dec 17, 2020.
             Slain by Sigmund
             ... wielding a +0 scythe
              (2 damage)
             ... on level 4 of the Dungeon.
             The game lasted 00:22:36 (5612 turns).

Arcadio the Cutter (Halfling Warper)                Turns: 5612, Time: 00:22:37

Health: 0/44       AC:  4    Str: 12    XL:     7   Next: 25%
Magic:  9/9        EV: 17    Int: 12    God:
Gold:   121        SH:  0    Dex: 15    Spells: 2/9 levels left

rFire    . . .     SeeInvis .   a - +0 short sword
rCold    . . .     Gourm    .   (shield restricted)
rNeg     . . .     Faith    .   l - +1 leather armour
rPois    .         Spirit   .   (no helmet)
rElec    .         Reflect  .   (no cloak)
rCorr    .         Harm     .   (no gloves)
MR       .....                  (no boots)
Stlth    +.........             (no amulet)
HPRegen  0.14/turn              (no ring)
MPRegen  0.11/turn              (no ring)

@: very slightly contaminated, invisible
A: small, mutation resistance 1
a: no special abilities


You were on level 4 of the Dungeon.
You were not hungry.

You visited 1 branch of the dungeon, and saw 4 of its levels.

You collected 121 gold pieces.

Inventory:

Hand Weapons
 a - a +0 short sword (weapon)
 b - a +0 hunting sling
 k - a +2 dagger of venom
 D - a +0 trident of protection
 E - a +0 morningstar
Missiles
 e - 5 boomerangs of dispersal (quivered)
 s - 118 stones
 z - 4 boomerangs
Armour
 l - a +1 leather armour (worn)
 w - a +0 helmet
Jewellery
 h - an uncursed ring of wizardry {unknown}
 v - an uncursed ring of ice {unknown}
Wands
 A - a wand of random effects (17)
Scrolls
 c - 4 scrolls of teleportation
 d - a scroll of blinking
 g - a scroll of identify
 i - a scroll of noise {unknown}
 n - 4 scrolls of enchant armour
 p - a scroll of enchant weapon
 y - a scroll of fear {unknown}
 C - a scroll of immolation {unknown}
 F - a scroll of fog {unknown}
Potions
 m - a potion of magic {unknown}
 q - 4 potions of brilliance
 r - a potion of degeneration {unknown}
 t - 2 potions of might {unknown}
 u - a potion of ambrosia {unknown}
 x - a potion of flight {unknown}
Comestibles
 f - 5 rations


   Skills:
 - Level 1.7 Fighting
 + Level 5.4 Short Blades
 + Level 4.1 Throwing
 - Level 1.1 Armour
 + Level 4.9 Dodging
 - Level 1.5 Spellcasting
 * Level 3.2 Translocations


You had 2 spell levels left.
You knew the following spells:

 Your Spells              Type           Power        Failure   Level  Hunger
a - Blink                 Tloc           N/A          14%         2    ###....
b - Shroud of Golubria    Chrm/Tloc      #.....       28%         2    ###....
c - Teleport Other        Tloc           #.......     28%         3    ####...

Your spell library contained the following spells:

 Spells                   Type           Power        Failure   Level  Hunger
 Gell's Gravitas          Tloc           #.........   28%         3    ####...
 Lesser Beckoning         Tloc           #.........   28%         3    ####...
 Passage of Golubria      Tloc           N/A          67%         4    #####..


Dungeon Overview and Level Annotations

Branches:
Dungeon (4/15)
 Temple: D:4-7

Altars:
Gozag

Annotations:
D:4 Sigmund


Innate Abilities, Weirdness & Mutations

You are small and have problems with some larger weapons.
You are somewhat resistant to further mutation.


Message History

Okay, then.
You're too confused!
You're too confused to move!
You are more confused.
You bump into the rock wall.
You are more confused.
A puff of flame appears from out of thin air!
The puff of flame misses you.
You bump into the rock wall.
An orc wizard comes into view. It is wielding a +0 dagger.
The orc wizard shouts!
The orc wizard points at you and mumbles some strange words.
The puff of flame misses you.
You bump into the rock wall.
You bump into the rock wall.
Something hits you!
* * * LOW HITPOINT WARNING * * *
You fade into invisibility!
You feel less confused.
You are very lightly contaminated with residual magic.
Something hits you.
You die...

#.#.......# #..
###.........# #.###..
#.....#.....# #......
#........o#.# #####..
#.....###.#.# ##.
#.....# #.#.###########.
#.....###.#.............
####.###.#.############.
#.##@###{## #) #...##
##.# ###. ####.###..#
#... #.#.#.###### #.#.
#.........###.#.
#.#......){.....
#..##.####.###.## #.#
### #.# #.# #. ... ..#


There were no monsters in sight!

Vanquished Creatures
  An ogre (D:3)
  2 orc priests
  3 orc wizards
  Ijyb (D:4)
  A worker ant (D:4)
  9 adders
  An ooze (D:3)
  2 worms
  2 dart slugs
  2 leopard geckos
  9 orcs
  2 ball pythons (D:2)
  6 bats
  7 giant cockroaches
  9 goblins
  4 hobgoblins
  3 jackals (D:1)
  6 kobolds
  3 frilled lizards
  5 rats
78 creatures vanquished.

Notes
Turn   | Place    | Note
-------+----------+-------------------------------------------
     0 | D:1      | Arcadio the Halfling Warper began the quest for the Orb.
     0 | D:1      | Reached XP level 1. HP: 14/14 MP: 3/3
   425 | D:1      | Reached XP level 2. HP: 12/19 MP: 4/4
   683 | D:1      | Learned a level 2 spell: Blink
   918 | D:1      | Reached skill level 3 in Short Blades
  1173 | D:1      | Reached XP level 3. HP: 24/24 MP: 5/5
  1649 | D:2      | Reached XP level 4. HP: 26/29 MP: 6/6
  2293 | D:2      | Learned a level 2 spell: Shroud of Golubria
  2562 | D:3      | Reached XP level 5. HP: 32/34 MP: 7/7
  2783 | D:3      | Reached skill level 4 in Short Blades
  2825 | D:3      | Found an opulent altar of Gozag.
  3717 | D:4      | Reached XP level 6. HP: 38/39 MP: 8/8
  4521 | D:4      | Noticed an ogre
  4532 | D:4      | Noticed an ogre
  4583 | D:3      | Killed an ogre
  4583 | D:3      | Reached skill level 5 in Short Blades
  4583 | D:3      | Reached XP level 7. HP: 8/44 MP: 6/9
  5166 | D:4      | Noticed Ijyb
  5272 | D:4      | Killed Ijyb
  5339 | D:4      | Learned a level 3 spell: Teleport Other
  5570 | D:4      | Noticed Sigmund
  5609 | D:4      | HP: 1/44 [something (9)]
  5612 | D:4      | Slain by Sigmund

Illustrated notes

Levels and vault maps discovered:
D:1:      minmay_arrival_nine_rooms, layout_basic
D:2:      minmay_wonky_spiral, layout_basic, first_ration
D:3:      layout_basic, grunt_gozag_statues
D:4:      layout_loops_ring, temple_doors_e, uniq_sigmund, uniq_duvessa,
          uniq_ijyb

Skill      XL: |  1  2  3  4  5  6  7 |
---------------+----------------------+-----
Short Blades   | 3 4 5 |  5.4
Throwing       | 2 3 4 |  4.1
Dodging        | 3 4 |  4.9
Fighting       | |  1.7
Armour         | |  1.1
Spellcasting   | |  1.5
Translocations | |  3.2

Action                   |  1- 3 |  4- 6 |  7- 9 || total
-------------------------+-------+-------+-------++-------
Melee: Short sword       |   104 |   169 |    37 ||   310
       Unarmed           |     1 |       |     5 ||     6
 Fire: Hunting sling     |    13 |   117 |    22 ||   152
 Cast: Blink             |     1 |     6 |     8 ||    15
       Shroud of Golubri |       |    10 |     4 ||    14
  Use: Scroll            |     4 |     5 |       ||     9
       Potion            |     1 |     5 |     1 ||     7
 Stab: Sleeping          |     1 |       |       ||     1
  Eat: Chunk             |     2 |     8 |     1 ||    11
       Ration            |       |     1 |     1 ||     2
Armor: Leather armour    |    31 |    21 |     7 ||    59
       Skin              |       |       |     1 ||     1
Dodge: Dodged            |    93 |   127 |    38 ||   258
